 Dungeon Crawl Stone Soup version 0.22-a0-469-gf26638a71f (webtiles) character file.

44 Rrauwl the Sneak (level 3, -8/26 HPs)
             Began as an Octopode Monk on June 11, 2018.
             Mangled by an ogre
             ... wielding a +0 giant club
              (19 damage)
             ... on level 2 of the Dungeon.
             The game lasted 00:03:08 (998 turns).

Rrauwl the Sneak (Octopode Monk)                     Turns: 998, Time: 00:03:09

Health: -8/26      AC:  1    Str: 10    XL:     3   Next: 60%
Magic:  3/3        EV: 15    Int: 12    God:
Gold:   36         SH:  0    Dex: 15    Spells: 2/2 levels left

rFire    . . .     SeeInvis .   a - +0 spear
rCold    . . .     Gourm    .   (no shield)
rNeg     . . .     Faith    .   (helmet restricted)
rPois    .         Spirit   .   (no amulet)
rElec    .         Reflect  .   (no ring)
rCorr    .         Harm     .   (no ring)
MR       .....                  (no ring)
Stlth    ++++......             (no ring)
HPRegen  0.08/turn              (no ring)
MPRegen  0.08/turn              (no ring)
                                (no ring)
                                (no ring)

@: no status effects
A: almost no armour, stealthy swim, amphibious, 8 rings, constrict 8, camouflage
1, gelatinous body 1
a: no special abilities


You were on level 2 of the Dungeon.
You were not hungry.

You visited 1 branch of the dungeon, and saw 2 of its levels.

You collected 36 gold pieces.

Inventory:

Hand Weapons
 a - a +0 spear (weapon)
Missiles
 c - 13 bolts
Scrolls
 f - a scroll of magic mapping {unknown}
Potions
 e - a potion of degeneration {unknown}
Comestibles
 b - 2 rations
 d - 8 chunks of flesh


   Skills:
 - Level 3.0 Fighting
 + Level 3.5 Polearms
 + Level 3.5 Dodging
 + Level 3.8 Stealth


You had 2 spell levels left.
You didn't know any spells.
Your spell library was empty.

Dungeon Overview and Level Annotations

Branches:
Dungeon (2/15)

Altars:
Nemelex Xobeh


Innate Abilities, Weirdness & Mutations

You cannot wear most types of armour.
You are very stealthy in the water. (Stealth+)
You are amphibious.
You can wear up to eight rings at the same time.
You can use your tentacles to constrict eight enemies at once.
Your skin changes colour to match your surroundings (Stealth+).
Your rubbery body absorbs attacks. (AC +1, EV +1)


Message History

Press: ? - help, Dir - move target cursor, f - ogre
Aim: an ogre, wielding a giant club (resting)
You reach to attack!
The helpless ogre fails to defend itself.
You hit the ogre.
The ogre is lightly wounded.
You hit the ogre. You squeeze the ogre!
The ogre is severely wounded.
The ogre hits you with a giant club!
You completely miss the ogre.
The ogre is severely wounded.
The ogre hits you with a giant club.
You are too injured to fight recklessly!
You hit the ogre.
The ogre is severely wounded.
You hit the ogre.
The ogre is almost dead.
The ogre hits you with a giant club!!
Ouch! That really hurt!
You die...

## .. ####. ###
.... #...
#..###.#
#......# ##
.###.O@.#..##..
#........##..#.#
#####.##..##.#.#
#.
##.$(.#(###.## #
#.##.........
#..##..#####.
#...#.?#...# #
..#......#.#.#
#.##.##....#.#


You could see an ogre.

Vanquished Creatures
  A gnoll (D:1)
  A worm (D:2)
  A dart slug (D:1)
  A leopard gecko (D:1)
  3 hobgoblins (D:1)
  7 bats
  4 frilled lizards (D:1)
  3 goblins (D:1)
  6 kobolds (D:1)
  3 rats
30 creatures vanquished.

Notes
Turn   | Place    | Note
-------+----------+-------------------------------------------
     0 | D:1      | Rrauwl the Octopode Monk began the quest for the Orb.
     0 | D:1      | Reached XP level 1. HP: 16/16 MP: 1/1
   133 | D:1      | Reached XP level 2. HP: 21/21 MP: 2/2
   208 | D:1      | Found a sparkling altar of Nemelex Xobeh.
   770 | D:1      | Reached XP level 3. HP: 26/26 MP: 3/3
   987 | D:2      | Noticed an ogre
   998 | D:2      | Mangled by an ogre

Vault maps used:
D:1:      matt_arrival_los_fun, nemelex_xobeh_ov_fountains_minmay
D:2:      first_ration, minmay_pentomino_w2

Skill      XL: |  1 |
---------------+----+-----
Stealth        | 3 |  3.8
Fighting       | |  3.0
Polearms       | |  3.5
Dodging        | |  3.5

Action                   || total
-------------------------++-------
Melee: Spear             ||    74
       Tentacles         ||     9
       Constrict         ||    15
 Stab: Sleeping          ||    11
Armor: Skin              ||     3
Dodge: Dodged            ||    25

Table legend:
 A = Spawn XP
 B = Non-spawn XP
 C = Spawn XP percentage of total XP
 D = Spawn monster count
 E = Non-spawn monster count
 F = Spawn count percentage of total count
 G = Total turns spent on level
                    A         B        C        D         E        F      G
               +---------+---------+-------+---------+---------+-------+---------
         Total |       0 |      63 |   0.0 |       0 |      30 |   0.0 |   998
               +---------+---------+-------+---------+---------+-------+---------
           D:1 |       0 |      56 |   0.0 |       0 |      27 |   0.0 |   946
           D:2 |       0 |       7 |   0.0 |       0 |       3 |   0.0 |    52
               +---------+---------+-------+---------+---------+-------+---------
